Map: [ESL] Data-C

Players

piglet

  • Race: Terran Terran
  • Spawn Location: 9:00

uThermal - Winner!

  • Race: Terran Terran
  • Spawn Location: 3:00

Event: DreamHack SC2 Masters 2022 Valencia

VOD

Have the link to the VOD?

Description

Time

  • Played on: July 1, 2022, 10:06 a.m.
  • Length: 8:34

All games in this series

Show
View Real Time Build Order
Export as new Build Order

piglet Terran 

Build Orders:  

Get SALT Encoding   

  12  0:00  SCV  
  13  0:12  SCV  
  14  0:17  Supply Depot  
  14  0:24  SCV  
  14  0:28  Refinery  
  15  0:38  SCV  
  16  0:44  Barracks  
  16  0:50  SCV  
  16  0:56  Refinery  
  17  1:02  SCV  
  18  1:14  SCV  
  19  1:31  Orbital Command, Reaper  
  20  1:36  Factory  
  20  1:48  Supply Depot  
  20  1:57  SCV  
  21  2:03  Reaper  
  22  2:12  SCV  
  23  2:21  Hellion  
  25  2:27  Command Center  
  25  2:31  SCV  
  25  2:35  Barracks Reactor  
  26  2:41  Supply Depot  
  26  2:43  SCV  
  27  2:45  Factory Tech Lab  
  27  2:52  Starport  
  27  2:56  SCV  
  28  3:05  Cyclone  
  28  3:10  SCV  
  32  3:13  Marine  
  32  3:14  Marine  
  32  3:19  Refinery  
  34  3:24  SCV  
  35  3:33  Marine x2  
  37  3:37  SCV  
  37  3:40  Orbital Command  
  38  3:43  Raven  
  40  3:50  Factory Tech Lab  
  40  3:55  SCV, Marine  
  42  4:01  Marine  
  41  4:06  SCV  
  41  4:07  SCV  
  41  4:09  Siege Tank  
  46  4:14  Marine  
  45  4:18  SCV  
  45  4:19  SCV  
  45  4:23  Marine  
  45  4:30  SCV  
  46  4:32  Raven, SCV  
  46  4:34  Marine  
  50  4:42  SCV  
  50  4:44  SCV  
  44  4:53  Supply Depot  
  44  4:54  SCV  
  44  4:55  Marine x2  
  44  4:56  SCV  
  51  5:06  Refinery, SCV  
  52  5:08  SCV  
  52  5:10  Starport  
  53  5:16  Raven  
  53  5:19  SCV  
  53  5:20  SCV  
  54  5:23  Marine  
  54  5:24  Supply Depot, Marine  
  56  5:31  SCV, Siege Tank  
  56  5:34  SCV  
  61  5:39  Supply Depot  
  61  5:41  Marine  
  62  5:45  SCV  
  63  5:50  Viking  
  63  5:53  Marine  
  63  5:54  SCV  
  67  5:58  SCV  
  67  5:59  Raven  
  70  6:06  SCV  
  70  6:10  Siege Tank, Marine  
  75  6:11  SCV  
  75  6:16  Supply Depot  
  75  6:17  Supply Depot  
  77  6:19  SCV  
  77  6:31  Viking  
  77  6:32  Viking  
  81  6:33  SCV  
  81  6:34  SCV  
  81  6:36  Supply Depot  
  83  6:42  Siege Tank  
  83  6:45  SCV  
  83  6:46  SCV  
  88  6:49  Liberator  
  88  6:52  Supply Depot  
  91  6:58  SCV  
  92  7:03  Viking x2  
  92  7:08  Supply Depot  
  96  7:10  SCV  
  92  7:19  SCV  
  92  7:21  Siege Tank  
  97  7:22  SCV  
  95  7:31  SCV  
  95  7:32  Viking  
  95  7:34  SCV  
  79  7:43  SCV  
  73  7:44  Viking  
  73  7:47  SCV  
  73  7:51  Viking  
  73  7:53  Siege Tank  
  78  8:04  Viking  
  71  8:14  Command Center  
Show
View Real Time Build Order
Export as new Build Order

uThermal Terran - Winner!

Build Orders:  

Get SALT Encoding   

  12  0:00  SCV  
  13  0:12  SCV  
  14  0:17  Supply Depot  
  14  0:24  SCV  
  15  0:38  SCV  
  15  0:40  Barracks  
  16  0:43  Refinery  
  16  0:50  SCV  
  16  0:54  Refinery  
  17  1:02  SCV  
  18  1:15  SCV  
  19  1:26  Reaper  
  19  1:27  Orbital Command  
  19  1:30  Supply Depot  
  20  1:45  Factory  
  20  1:52  SCV  
  21  1:58  Barracks Reactor  
  21  2:05  SCV  
  22  2:17  SCV  
  23  2:26  Command Center  
  23  2:31  Hellion  
  23  2:35  SCV  
  26  2:37  Reaper  
  26  2:40  Reaper  
  28  2:45  Supply Depot  
  28  2:49  SCV  
  29  2:53  Hellion  
  31  3:05  Starport  
  31  3:07  SCV  
  31  3:09  Reaper  
  31  3:12  Reaper  
  34  3:15  Hellion  
  34  3:19  SCV  
  37  3:26  Refinery  
  37  3:31  SCV  
  38  3:38  Orbital Command  
  38  3:39  Factory Tech Lab  
  38  3:42  Marine, Starport Tech Lab  
  38  3:44  Marine  
  38  3:47  SCV  
  41  3:59  SCV  
  40  4:02  Raven  
  40  4:03  Marine x2  
  40  4:04  SCV  
  45  4:10  Cyclone  
  45  4:11  SCV  
  45  4:16  SCV  
  50  4:20  Marine  
  50  4:24  SCV, Marine  
  52  4:27  Supply Depot  
  52  4:28  SCV  
  53  4:36  SCV  
  53  4:37  Supply Depot  
  54  4:45  Marine x2  
  54  4:47  Raven, SCV  
  54  4:49  Siege Tank  
  54  4:50  SCV  
  56  4:59  SCV  
  57  5:00  Supply Depot  
  57  5:02  SCV  
  57  5:03  Marine x2  
  60  5:11  SCV  
  61  5:16  Command Center  
  61  5:17  SCV  
  62  5:22  Siege Tank  
  62  5:26  Refinery, SCV  
  66  5:29  SCV  
  66  5:38  SCV  
  66  5:40  Supply Depot  
  66  5:42  SCV  
  68  5:45  Viking x2  
  68  5:47  Marine, Stimpack  
  73  5:50  SCV  
  73  5:54  Siege Tank  
  77  5:57  Supply Depot  
  77  6:00  SCV  
  77  6:02  SCV  
  78  6:05  Marine  
  79  6:12  SCV  
  79  6:14  SCV  
  79  6:15  Viking x2  
  85  6:20  Supply Depot  
  85  6:23  Marine  
  85  6:24  SCV  
  87  6:26  Siege Tank  
  90  6:33  SCV  
  90  6:34  Barracks x2  
  90  6:36  SCV  
  92  6:44  Marine  
  92  6:45  Viking x2  
  96  6:49  SCV x2  
  96  6:53  Engineering Bay  
  98  6:54  Engineering Bay  
  98  6:58  Siege Tank  
  101  7:01  Orbital Command  
  101  7:04  SCV  
  101  7:05  Marine  
  101  7:07  SCV  
  104  7:15  Viking x2  
  108  7:16  SCV  
  108  7:19  SCV, Supply Depot  
  110  7:23  Marine  
  110  7:28  SCV  
  108  7:30  Siege Tank  
  101  7:39  SCV  
  101  7:42  Barracks Reactor  
  101  7:43  Barracks Reactor  
  96  7:44  SCV, Marine  
  96  7:49  SCV  
  96  7:50  Viking x2  
  101  7:51  SCV  
  101  7:52  Refinery  
  101  7:56  SCV  
  103  7:59  Refinery  
  103  8:01  SCV  
  103  8:02  Marine  
  105  8:07  SCV  
  105  8:10  SCV  
  106  8:13  SCV  
  106  8:19  SCV  

Tags
 
Add a new tag
Caveats
  • Supply blocks, unpowered buildings, or Contaminate may cause inaccurate times.
  • Supply counts are checked every 10 seconds.